 Dungeon Crawl Stone Soup version 0.29-a0-973-gac7da5f7f0 (webtiles) character file.

Game seed: 15171340311961145336

305 wilfster70 the Digger (level 6, -2/32 HPs)
             Began as a Gargoyle Earth Elementalist on July 31, 2022.
             Slain by a kobold brigand
             ... wielding a +0 dagger
              (7 damage)
             ... in a sewer.
             The game lasted 00:08:46 (3502 turns).

wilfster70 the Digger (Gargoyle Earth Elementalist) Turns: 3502, Time: 00:08:47

Health: -2/32      AC:  6    Str: 11    XL:     6   Next: 39%
Magic:  6/13       EV: 11    Int: 18    God:
Gold:   137        SH:  0    Dex: 10    Spells: 10/14 levels left

rFire   . . .      SeeInvis .   a - +2 dagger (venom)
rCold   . . .      Faith    .   (no shield)
rNeg    + . .      Spirit   .   h - +0 robe
rPois   ∞          Reflect  .   (no helmet)
rElec   +          Harm     .   (no cloak)
rCorr   .          Rampage  .   (no gloves)
Will    .....                   (no boots)
Stlth   ++........              (no amulet)
HPRegen 0.10/turn               (no ring)
MPRegen 0.13/turn               (no ring)

@: no status effects
A: sickness immunity, AC +4, negative energy resistance 1, electricity
resistance, torment resistance 1, petrification resistance
a: no special abilities


You were in a sewer.
You visited 1 branch of the dungeon, and saw 3 of its levels.
You also visited: Sewer.

You collected 137 gold pieces.

Inventory:

Hand Weapons
 a - a +2 dagger of venom (weapon)
Missiles
 q - 6 poisoned darts
Armour
 h - a +0 robe (worn)
Magical Staves
 i - a staff of air
Jewellery
 g - a +6 ring of intelligence
 l - an amulet of magic regeneration
Scrolls
 n - a scroll of teleportation
 p - a scroll of butterflies {unknown}
Potions
 b - a potion of magic
 c - 2 potions of heal wounds {unknown}
 d - a potion of flight {unknown}
 e - a potion of curing {unknown}
 f - a potion of berserk rage
 j - 2 potions of cancellation
 k - a potion of haste {unknown}
 m - 3 potions of invisibility
 o - a potion of attraction {unknown}
 s - a potion of brilliance {unknown}


   Skills:
 - Level 1.5 Dodging
 - Level 2.1 Stealth
 + Level 4.8 Spellcasting
 - Level 0.7 Transmutations
 - Level 6.0 Earth Magic


You had 10 spell levels left.
You knew the following spells:

 Your Spells              Type           Power      Damage    Failure   Level
a - Sandblast             Erth           50%        2d12      1%          1
b - Stone Arrow           Conj/Erth      30%        3d8       12%         3

Your spell library contained the following spells:

 Spells                   Type           Power      Damage    Failure   Level
 Passwall                 Tmut/Erth      13%        N/A       5%          2
 Ensorcelled Hibernation  Hex/Ice        8%         N/A       21%         2
 Spider Form              Tmut/Pois      5%         N/A       34%         3
 Petrify                  Tmut/Erth      16%        N/A       34%         4
 Anguish                  Hex/Necr       2%         N/A       80%         4


Dungeon Overview and Level Annotations

Branches:
Dungeon (3/15)              Sewer (1/1)

Altars:


Innate Abilities, Weirdness & Mutations

You are immune to sickness and miasma.
Your stone body is resilient. (AC +4)
You are immune to poison.
You resist negative energy. (rN+)
You are resistant to electric shocks. (rElec)
You are resistant to unholy torment.
You are immune to petrification.


Message History

The kobold brigand hits you with a +0 whip.
The kobold brigand barely misses you.
Casting: Sandblast (safe; 1% risk of failure)
Confirm with . or Enter, or press ? or * to list all spells.
Aiming: Sandblast (safe; 1% risk of failure)
Press: ? - help, Shift-Dir - straight line, f/p - kobold brigand
Aim: a kobold brigand, wielding a +0 whip and quivering poisoned darts (heavily wounded, 79% to hit)
The blast of sand hits the kobold brigand!
You kill the kobold brigand!
The kobold brigand hits you with a +0 dagger.
Your magical contamination has completely faded away.
Casting: Sandblast (safe; 1% risk of failure)
Confirm with . or Enter, or press ? or * to list all spells.
Aiming: Sandblast (safe; 1% risk of failure)
Press: ? - help, Shift-Dir - straight line, f - kobold
Aim: a kobold, wielding a +0 whip and quivering stones (79% to hit)
The blast of sand hits the kobold!
You kill the kobold!
The kobold brigand closely misses you. The kobold hits you with a +0 dagger.
The kobold brigand closely misses you.
Casting: Sandblast (safe; 1% risk of failure)
Confirm with . or Enter, or press ? or * to list all spells.
Aiming: Sandblast (safe; 1% risk of failure)
Press: ? - help, Shift-Dir - straight line, f - kobold
Aim: a kobold, wielding a +0 dagger (79% to hit)
The blast of sand hits the kobold!
You kill the kobold!
The kobold brigand hits you with a +0 dagger. x2
* * * LOW HITPOINT WARNING * * *
Casting: Sandblast (safe; 1% risk of failure)
Confirm with . or Enter, or press ? or * to list all spells.
Aiming: Sandblast (safe; 1% risk of failure)
Press: ? - help, Shift-Dir - straight line, f - kobold brigand
Aim: a kobold brigand, wielding a +0 dagger and quivering poisoned darts (79% to hit)
The blast of sand hits the kobold brigand!
The kobold brigand is heavily wounded.
The kobold brigand hits you with a +0 dagger.
* * * LOW HITPOINT WARNING * * *
The kobold brigand hits you with a +0 dagger!
You die...

≈≈≈≈≈≈ ### ######
#!!# #..#.. ...
#..... ..##
#≈#≈##.).# ...#
#≈#≈##..).. ...
#≈#≈#≈#.....
###)###≈#≈#≈####'##
#.@K..≈≈≈≈≈≈≈≈≈≈...
#.....≈≈≈≈≈≈≈≈≈....
##....≈≈≈≈≈≈≈≈≈≈...
#....#≈≈≈≈≈≈≈≈....
#....##≈≈≈≈≈≈≈....
#.....#≈≈≈≈≈≈≈....
#......≈≈≈≈≈≈≈....
##.....≈≈≈≈≈≈≈≈...
##....≈≈≈≈≈≈.....


You could see a kobold brigand.

Vanquished Creatures
  A kobold brigand (Sewer)
  Jessica (D:2)
  An iguana (D:3)
  2 adders (Sewer)
  6 river rats (Sewer)
  A worm (D:3)
  2 dart slugs (D:2)
  4 endoplasms
  14 giant cockroaches
  7 goblins
  2 hobgoblins
  7 jackals (D:1)
  16 kobolds
  A quokka (D:3)
  10 ball pythons
  7 bats
  6 frilled lizards
  27 rats
115 creatures vanquished.

Notes
Turn   | Place    | Note
-------+----------+-------------------------------------------
     0 | D:1      | wilfster70 the Gargoyle Earth Elementalist began the quest
                  | for the Orb.
     0 | D:1      | Reached XP level 1. HP: 10/10 MP: 3/3
    59 | D:1      | Found a faded altar of an unknown god.
   159 | D:1      | Reached skill level 4 in Earth Magic
   172 | D:1      | Reached XP level 2. HP: 14/15 MP: 0/5
   646 | D:1      | Reached XP level 3. HP: 19/19 MP: 4/6
  1260 | D:2      | Reached skill level 5 in Earth Magic
  1478 | D:2      | Reached XP level 4. HP: 24/24 MP: 3/8
  1540 | D:2      | Learned a level 3 spell: Stone Arrow
  1712 | D:2      | Noticed Jessica
  1715 | D:2      | Killed Jessica
  2303 | D:3      | Reached XP level 5. HP: 9/28 MP: 2/9
  2526 | D:3      | Found a glowing drain.
  2541 | D:3      | Reached skill level 6 in Earth Magic
  2554 | Sewer    | Entered a sewer
  3407 | Sewer    | Reached XP level 6. HP: 32/32 MP: 9/12
  3502 | Sewer    | Slain by a kobold brigand

Illustrated notes

Levels and vault maps discovered:
D:1:      evilmike_arrival_crescent, layout_loops_ring, basic_ecumenical_altar,
          grunt_decor_cap
D:2:      minmay_roachtagon, layout_loops_corners, serial_glass,
          glass_columns_a, glass_columns_a, uniq_jessica
D:3:      minmay_door_path, layout_loops_ring, cheibrodos_sewer_entry_drain,
          corner_web_ring, guppyfry_early_lair_pool
Sewer:    sewer_minmay_treatment

Skill      XL: |  1  2  3  4  5 |
---------------+----------------+-----
Earth Magic    | 4 5 6 |  6.0
Spellcasting   | 3 4 |  4.8
Dodging        | |  1.5
Stealth        | |  2.1
Transmutations | |  0.7

Action                   |  1- 3 |  4- 6 || total
-------------------------+-------+-------++-------
Melee: Unarmed           |    19 |       ||    19
       Dagger            |     1 |    35 ||    36
 Cast: Sandblast         |    61 |    89 ||   150
  Use: Scroll            |     4 |     3 ||     7
       Potion            |       |     1 ||     1
Armor: Robe              |    33 |    44 ||    77
Dodge: Dodged            |    38 |    67 ||   105

Table legend: (Time is in decaauts)
 A = Elapsed time spent in this place.
 B = Non-inter-level travel time spent in this place.
 C = Inter-level travel time spent in this place.
 D = Time resting spent in this place.
 E = Time spent auto-exploring this place.
 F = Levels seen in this place.
 G = Mean time per level.
                   A        B        C        D        E       F      G
               +--------+--------+--------+--------+--------+-----+--------+
         Total |   3667 |   3629 |     38 |   1301 |   1064 |   4 |  916.8 |
       Dungeon |   2646 |   2608 |     38 |    764 |   1010 |   3 |  882.0 |
         Sewer |   1020 |   1020 |      0 |    537 |     54 |   1 | 1020.0 |
               +--------+--------+--------+--------+--------+-----+--------+

Top non-repeatable levels by time:
     D:2: 1322 daAuts
     D:1: 1192 daAuts
   Sewer: 1020 daAuts
     D:3: 131 daAuts
